 Dungeon Sprint DCSS version 0.28.0-43-g3370ac3207 (webtiles) character file.

Game seed: 16532816795457675829

322763 boopmooplesden the Conqueror (level 14, 148/168 HPs)
             Began as a Minotaur Berserker on Mar 13, 2022.
             Was the Champion of Trog.
             Escaped with the Orb!
             The game lasted 00:24:19 (8487 turns).

boopmooplesden the Conqueror (Minotaur Berserker)   Turns: 8487, Time: 00:24:20

Health: 148/168    AC: 24    Str: 22    XL:     14   Next: 87%
Magic:  22/22      EV: 17    Int:  5    God:    Trog [******]
Gold:   3007       SH: 22    Dex: 22    Spells: 13/13 levels left

rFire   + + .      SeeInvis .   Q - +8 mithril axe "Arga" {speed, Will+}
rCold   + + .      Faith    .   U - +2 shield of Resistance {rF++ rC++ Will++}
rNeg    + + .      Spirit   .   w - +0 storm dragon scales
rPois   +          Reflect  +   I - +0 hat {Stlth+}
rElec   +          Harm     .   A - +2 ratskin cloak {*Rats rPois rN+ Str-1 Int-1 Dex+1}
rCorr   .          Rampage  +   D - +0 pair of gloves of Geiqomaf {Rampage rN+}
Will    ++++.      Rage     9%  o - +0 pair of boots {rampage}
Stlth   +......... NoTele   +   y - amulet of reflection
HPRegen 0.38/turn               d - +6 ring of dexterity
MPRegen 0.18/turn               M - ring "Tuttuz" {Fly MP+9 Dex+3}

@: flying
A: horns 2, retaliatory headbutt, berserk 3, deformed body, deterioration 1,
mutation resistance 1, screaming 1, subdued magic 3, inability to read while
threatened
0: Orb of Zot
a: Renounce Religion, Berserk, Trog's Hand, Brothers in Arms


You escaped.
You worshipped Trog.
Trog was exalted by your worship.
You visited 1 branch You collected 6227 gold pieces.
You spent 3220 gold pieces at shops.

Inventory:

Hand Weapons
 a - the +9 battleaxe of the Desolation of Salt {speed, Str+4}
   (You found it in the Dungeon)

   Attacks with this weapon are significantly faster.
   Str:       It affects your strength (+4).
 h - a +5 battleaxe of flaming
 j - the +3 broad axe "Iluask" {vorpal, rC- Dex+4 SInv}
   (You bought it in a shop in the Dungeon)

   It inflicts extra damage upon your enemies.
   Dex:       It affects your dexterity (+4).
   rC:        It makes you vulnerable to cold.
   SInv:      It lets you see invisible.
 n - the +9 battleaxe "Taacluqu" {vorpal, rPois rN+ Dex+3}
   (Trog gifted it to you in the Dungeon)

   It inflicts extra damage upon your enemies.
   Dex:       It affects your dexterity (+3).
   rPois:     It protects you from poison.
   rN:        It protects you from negative energy.
 v - the +4 hand axe of the Rattlesnake {vorpal, rC+ Dex+4}
   (Trog gifted it to you in the Dungeon)

   It inflicts extra damage upon your enemies.
   Dex:       It affects your dexterity (+4).
   rC:        It protects you from cold.
 E - a +2 executioner's axe of chaos
 G - a +6 antimagic executioner's axe
 J - the +7 hand axe "Doof" {holy, rElec}
   (You found it in the Dungeon)

   It has been blessed by the Shining One to cause great damage to the undead
   and demons.
   rElec:     It insulates you from electricity.
 K - the +8 broad axe "Cikhli Jidu" {vorpal, Dex+4}
   (You found it in the Dungeon)

   It inflicts extra damage upon your enemies.
   Dex:       It affects your dexterity (+4).
 Q - the +8 mithril axe "Arga" (weapon) {speed, Will+}
   (You found it in the Dungeon)

   Attacks with this weapon are significantly faster.
   Will:      It increases your willpower.
 S - a +3 battleaxe of flaming
 X - the +10 hand axe "Vumuh" {elec, Int+4 Stlth+}
   (You acquired it in the Dungeon)

   It occasionally discharges a powerful burst of electricity upon striking a
   foe.
   Int:       It affects your intelligence (+4).
   Stlth:     It makes you more stealthy.
Missiles
 q - 6 javelins (quivered)
Armour
 b - a +0 animal skin
 i - the +1 plate armour of Past Mistakes {Harm Rampage Int-4}
   (You bought it in a shop in the Dungeon)

   Int:       It affects your intelligence (-4).
   Harm:      It increases damage dealt and taken.
   Rampage:   It bestows one free step when moving towards enemies.
 o - a +0 pair of boots of rampaging (worn)
 r - the +0 ring mail of the Ten Howling Beasts {rC+}
   (You bought it in a shop in the Dungeon)

   rC:        It protects you from cold.
 w - +0 storm dragon scales (worn)
 x - a +1 pair of gloves
 A - the +2 ratskin cloak (worn) {*Rats rPois rN+ Str-1 Int-1 Dex+1}
   (You found it in the Dungeon)

   When the wearer is hurt, rats may emerge from it to assist them.
   Str:       It affects your strength (-1).
   Int:       It affects your intelligence (-1).
   Dex:       It affects your dexterity (+1).
   rPois:     It protects you from poison.
   rN:        It protects you from negative energy.
 B - the +3 chain mail "Intiupia" {Contam Str+4}
   (You bought it in a shop in the Dungeon)

   Str:       It affects your strength (+4).
   Contam:    It causes magical contamination when unequipped.
 C - a +0 pair of gloves of stealth
 D - the +0 pair of gloves of Geiqomaf (worn) {Rampage rN+}
   (You bought it in a shop in the Dungeon)

   rN:        It protects you from negative energy.
   Rampage:   It bestows one free step when moving towards enemies.
 I - a +0 hat of stealth (worn)
 U - the +2 shield of Resistance (worn) {rF++ rC++ Will++}
   (You bought it in a shop in the Dungeon)

   rF:        It greatly protects you from fire.
   rC:        It greatly protects you from cold.
   Will:      It greatly increases your willpower.
 W - +0 fire dragon scales
Jewellery
 d - a +6 ring of dexterity (left hand)
 u - an amulet of guardian spirit
 y - an amulet of reflection (around neck)
 H - a +6 ring of strength
 L - a ring of poison resistance
 M - the ring "Tuttuz" (right hand) {Fly MP+9 Dex+3}
   (You found it in the Dungeon)

   [ring of magical power]

   Dex:       It affects your dexterity (+3).
   MP:        It affects your magic capacity (+9).
   Fly:       It grants you flight.
 N - the ring "Gam Luam" {Ice Str+4 Int+5}
   (You found it in the Dungeon)

   [ring of ice]

   It enhances your ice magic.
   Str:       It affects your strength (+4).
   Int:       It affects your intelligence (+5).
   rF:        It makes you vulnerable to fire.
   rC:        It protects you from cold.
 O - a ring of ice
Scrolls
 l - a scroll of fog
 m - 2 scrolls of fear
 z - 2 scrolls of identify
 P - a scroll of amnesia
 V - 3 scrolls of acquirement
Potions
 c - 2 potions of experience {unknown}
 e - 8 potions of haste
 f - 15 potions of magic
 g - a potion of berserk rage
 k - a potion of invisibility {unknown}
 p - a potion of cancellation
 s - a potion of might
 t - 9 potions of flight
 F - 2 potions of curing
 T - 27 potions of mutation
Miscellaneous
 R - a phial of floods


   Skills:
 O Level 27 Fighting
 O Level 27 Axes
 + Level 25.4 Armour
 + Level 13.4 Dodging
 + Level 6.3 Stealth
 + Level 14.7 Shields
 + Level 3.3 Unarmed Combat


You had 13 spell levels left.
You didn't know any spells.
Your spell library was empty.

Dungeon Overview and Level Annotations

Branches:
Dungeon (1/1)

Altars:
Cheibriados
Dithmenos
Elyvilon
Fedhas
Gozag
Hepliaklqana
Kikubaaqudgha
Makhleb
Nemelex Xobeh
Okawaru
Qazlal
Ru
Sif Muna
Trog
Uskayaw
Vehumet
Wu Jian
Xom
Yredelemnul
Zin
The Shining One
Beogh
Jiyva
Lugonu

Shops:
D [!![::*(!?![==[!?([(((*!:[=[!=:[?:

Annotations:
D exclusion: orange crystal statue


Innate Abilities, Weirdness & Mutations

You have a pair of horns on your head.
You reflexively headbutt those who attack you in melee.
You have an uncontrollable temper.
Armour fits poorly on your strangely shaped body.
Your body sometimes deteriorates upon taking damage.
You are somewhat resistant to further mutation.
You occasionally shout uncontrollably at your foes.
Your spells are much easier to cast, but much less powerful.
You sometimes lose the ability to read scrolls when taking damage.


Message History

The Hell Sentinel is moderately wounded.
You slice the Hell Sentinel!!
The Hell Sentinel is heavily wounded.
The Hell Sentinel barely misses you. You furiously retaliate!
You headbutt the Hell Sentinel, but do no damage.
You block the Hell Sentinel's attack.
You open the Hell Sentinel like a pillowcase!!!
The Hell Sentinel is severely wounded.
You slice the Hell Sentinel!!
The Hell Sentinel is almost dead.
You slice the Hell Sentinel!!
You kill the Hell Sentinel!
Trog accepts your kill.
You feel a strong urge to attack something.
You see here a +2 vorpal war axe.
You feel your anger nearly subside.
You are no longer berserk.
You are exhausted.
You feel yourself slow down.
There is an open door, spattered with blood here.
There is a fountain of blood, spattered with blood here.
Items here: ( )) [.
There is a fountain of blood here.
There is an open door here.
You feel yourself speed up.
Really fly into a travel-excluded area? [Y]es or [N]o only, please.
Really fly into a travel-excluded area? [Y]es or [N]o only, please.
Really fly into a travel-excluded area? [Y]es or [N]o only, please.
Really fly into a travel-excluded area?
You recover from your berserk rage.
A Nuinitod, an orange demon and 2 small abominations come into view.
You yell at the small abomination!
There is an open door here.
The small abomination moves out of view.
The orange demon moves out of view.
There is an open door, spattered with blood here.
There is a staircase leading out of the dungeon here.
You have escaped!

##########≈≈#§§§#§§'#####....#.##
#########≈≈≈§§§≈≈.§§.#.['....#..#
........#≈≈≈§§##'##≈≈#..####.#..#
....⌠...#≈≈≈≈##§.§##.####..'.##)#
...∩.∩..#≈≈≈≈#.§#..#....#).#...##
..∩.∩.∩.#≈≈####.#.####..#####..##
.∩.∩.∩.∩#)##.###'###.##..#..'..#.
∩.∩.....#≈#..###)##.#.#..#..#^.#.
.∩.....∩')'.##).@.'###'..####..##
∩.......#≈#.#.##.##.#.#.{.§###...
▓▓▓▓▓▓###≈##.###'###.##.x..§.≈≈≈≈
!.[######≈≈####.#.####≈≈...&§x#+#
(..#..')##≈≈≈#..#..#≈≈≈≈≈≈≈§.≈#..
∩.)'..#'##'#≈##.#)##≈≈≈§≈≈≈≈.≈#_.
...#.##°##)#≈≈##'##≈≈≈≈≈≈≈≈≈≈≈#._
...###○○°####≈≈≈≈≈≈≈≈≈§§≈§≈4§≈#_.
#)###○°°○.#,#+++#+++#≈≈§≈≈≈≈≈≈#._


There were no monsters in sight!

Vanquished Creatures
  the Lernaean hydra (D)
  2 golden dragons (D)
  A bone dragon (D)
  An electric golem (D)
  2 hellephants (D)
  A Hell Sentinel (D)
  A deep elf master archer (D)
  A deep elf blademaster (D)
  3 quicksilver dragons (D)
  Murray (D)
  2 sphinxes (D)
  A kraken (D)
  Gastronok (D)
  Kirke (D)
  Roxanne (D)
  2 storm dragons (D)
  An orc warlord (D)
  A cacodemon (D)
  A draconian shifter (D)
  A frost giant (D)
  3 lorocyprocas (D)
  A dire elephant (D)
  A crystal guardian (D)
  An iron golem (D)
  A fire dragon (D)
  A deep elf high priest (D)
  A great orb of eyes (D)
  A yaktaur captain (D)
  2 boulder beetles (D)
  An iron elemental (D)
  A centaur warrior (D)
  A death yak (D)
  2 hell hogs (D)
  Sonja (D)
  A skeletal warrior (D)
  3 sixfirhies (D)
  2 deep trolls (D)
  2 death drakes (D)
  A glowing orange brain (D)
  An obsidian statue (D)
  A harpy (D)
  3 orc sorcerers (D)
  An oklob plant (D)
  3 manticores (D)
  An elephant (D)
  12 shining eyes (D)
  3 toenail golems (D)
  An eye of devastation (D)
  2 cane toads (D)
  2 unseen horrors (D)
  A kobold demonologist (D)
  A yaktaur (D)
  A hornet (D)
  5 polar bears (D)
  3 slime creatures (D)
  18 flying skulls (D)
  7 wyverns (D)
  3 yaks (D)
  4 neqoxecs (D)
  2 redbacks (D)
  Menkaure (D)
  7 water moccasins (D)
  10 floating eyes (D)
  2 swamp drakes (D)
  3 black bears (D)
  5 necrophages (D)
  2 earth elementals (D)
  9 electric eels (D)
  A jelly (D)
  4 orc priests (D)
  An iron imp (D)
  A hell rat (D)
  A spectral giant cockroach (D)
  A spectral quokka (D)
  A ballistomycete spore (D)
  2 tentacles (D)
179 creatures vanquished.

Vanquished Creatures (others)
  A ballistomycete spore (D)
  20 tentacles (D)
21 creatures vanquished.

Grand Total: 200 creatures vanquished

Notes
Turn   | Place    | Note
-------+----------+-------------------------------------------
     0 | D        | boopmooplesden the Minotaur Berserker began the quest for
                  | the Orb.
     0 | D        | Reached XP level 1. HP: 19/19 MP: 0/0
     1 | D        | Noticed a wyvern
     1 | D        | Noticed a wyvern
     8 | D        | Killed a wyvern
     9 | D        | Reached XP level 2. HP: 16/36 MP: 1/1
     9 | D        | Reached XP level 3. HP: 18/41 MP: 2/2
     9 | D        | Reached XP level 4. HP: 22/49 MP: 3/3
     9 | D        | Reached XP level 5. HP: 26/56 MP: 4/4
    14 | D        | Killed a wyvern
    15 | D        | Reached skill level 10 in Fighting
    15 | D        | Reached skill level 10 in Axes
    15 | D        | Reached skill level 5 in Armour
    15 | D        | Reached skill level 5 in Dodging
    15 | D        | Reached XP level 6. HP: 20/66 MP: 5/5
   154 | D        | Reached ** piety under Trog
   170 | D        | Reached XP level 7. HP: 22/75 MP: 6/6
   343 | D        | Noticed a boulder beetle
   343 | D        | Noticed a boulder beetle
   416 | D        | Noticed a neqoxec
   416 | D        | Noticed a neqoxec
   424 | D        | Killed a neqoxec
   424 | D        | Reached *** piety under Trog
   432 | D        | Gained mutation: Your spells are a little easier to cast,
                  | but a little less powerful. [a neqoxec]
   434 | D        | Gained mutation: You have hidden genetic defects. [a
                  | neqoxec]
   436 | D        | Killed a neqoxec
   437 | D        | Found Qeivext's Jewellery Shoppe.
   437 | D        | Found Neal's Book Emporium.
   437 | D        | Found Diuzxin's Antique Armour Emporium.
   437 | D        | Found Atuff's Distillery.
   437 | D        | Noticed a neqoxec
   437 | D        | Noticed a neqoxec
   438 | D        | Gained mutation: You tend to lose your temper in combat. [a
                  | neqoxec]
   443 | D        | Killed a neqoxec
   444 | D        | Reached XP level 8. HP: 62/86 MP: 7/7
   446 | D        | Gained mutation: Potions are less effective at restoring
                  | your health. [a neqoxec]
   447 | D        | Gained mutation: You are frail. (-10% HP) [hidden defects]
   448 | D        | Found Onwo's Antique Weapon Shoppe.
   466 | D        | Found Aptoot's Antique Weapon Shoppe.
   466 | D        | Found Gasimuu's Magic Scroll Emporium.
   467 | D        | Found Geamaw's Jewellery Shoppe.
   467 | D        | Found Kunn's Antique Armour Emporium.
   467 | D        | Found Rageumy's Jewellery Emporium.
   467 | D        | Noticed Menkaure
   467 | D        | Noticed a polar bear
   467 | D        | Noticed a polar bear
   467 | D        | Noticed a cane toad
   483 | D        | Killed Menkaure
   483 | D        | Reached **** piety under Trog
   485 | D        | Found Tirphel's Distillery.
   485 | D        | Found Dyig's Antique Weapon Emporium.
   485 | D        | Noticed an oklob plant
   486 | D        | Found Jibluoc's Antique Armour Shoppe.
   486 | D        | Found Amih's Distillery.
   486 | D        | Found Yhyushraddu's Book Shoppe.
   486 | D        | Noticed a cane toad
   490 | D        | Bought a heavily runed plate armour for 588 gold pieces
   490 | D        | Identified the +1 plate armour of Past Mistakes {Harm
                  | Rampage Int-4} (You bought it in a shop in the Dungeon)
   501 | D        | Lost intelligence.
   502 | D        | Gained mutation: You are very frail. (-20% HP) [hidden
                  | defects]
   502 | D        | Lost mutation: You have hidden genetic defects. [hidden
                  | defects expressed]
   514 | D        | Noticed a flying skull
   514 | D        | Noticed a flying skull
   600 | D        | Found a glowing golden altar of the Shining One.
   600 | D        | Found an ornate altar of the Wu Jian Council.
   695 | D        | Found a shimmering altar of Xom.
   695 | D        | Found a sacrificial altar of Ru.
   696 | D        | Found a basalt altar of Yredelemnul.
   696 | D        | Found a shimmering blue altar of Sif Muna.
   697 | D        | Found a glowing silver altar of Zin.
   697 | D        | Found a bloodstained altar of Trog.
   697 | D        | Found an ancient bone altar of Kikubaaqudgha.
   697 | D        | Found a stormy altar of Qazlal.
   697 | D        | Found a viscous altar of Jiyva.
   698 | D        | Found a hide-covered altar of Uskayaw.
   698 | D        | Found a corrupted altar of Lugonu.
   698 | D        | Found a shadowy altar of Dithmenos.
   699 | D        | Found a radiant altar of Vehumet.
   699 | D        | Found a burning altar of Makhleb.
   699 | D        | Found a white marble altar of Elyvilon.
   700 | D        | Found a sparkling altar of Nemelex Xobeh.
   700 | D        | Found a blossoming altar of Fedhas.
   701 | D        | Found an iron altar of Okawaru.
   701 | D        | Found an opulent altar of Gozag.
   702 | D        | Noticed a yaktaur
   702 | D        | Noticed a hornet
   702 | D        | Noticed a polar bear
   702 | D        | Noticed a polar bear
   704 | D        | Killed a polar bear
   705 | D        | Reached skill level 15 in Axes
   705 | D        | Noticed a polar bear
   713 | D        | Killed a polar bear
   713 | D        | Killed a polar bear
   713 | D        | Reached ***** piety under Trog
   719 | D        | Killed a yaktaur
   720 | D        | Reached skill level 15 in Fighting
   720 | D        | Reached XP level 9. HP: 10/77 MP: 8/8
  1015 | D        | Noticed a kraken
  1051 | D        | HP: 3/77 [water moccasin (3)]
  1715 | D        | Lost mutation: You are very frail. (-20% HP) [potion of
                  | mutation]
  1715 | D        | Lost mutation: You are frail. (-10% HP) [potion of
                  | mutation]
  1715 | D        | Gained mutation: Armour fits poorly on your strangely
                  | shaped body. [potion of mutation]
  1715 | D        | Gained mutation: You are agile. (Dex +2) [potion of
                  | mutation]
  1716 | D        | Lost mutation: Potions are less effective at restoring your
                  | health. [potion of mutation]
  1716 | D        | Lost mutation: You are agile. (Dex +2) [potion of mutation]
  1716 | D        | Lost mutation: Armour fits poorly on your strangely shaped
                  | body. [potion of mutation]
  1835 | D        | Bought a buzzing broad axe for 162 gold pieces
  1835 | D        | Identified the +3 broad axe "Iluask" {vorpal, rC- Dex+4
                  | SInv} (You bought it in a shop in the Dungeon)
  1910 | D        | Killed a boulder beetle
  1910 | D        | Received a gift from Trog
  1911 | D        | Reached skill level 10 in Armour
  1911 | D        | Reached skill level 1 in Stealth
  1919 | D        | Killed a boulder beetle
  1920 | D        | Reached XP level 10. HP: 29/107 MP: 9/9
  2222 | D        | Identified Roxanne's Catalogue of Stones
  2222 | D        | Noticed Roxanne
  2255 | D        | Noticed an orange crystal statue
  2258 | D        | Found a hazy altar of Hepliaklqana.
  2264 | D        | Found a snail-covered altar of Cheibriados.
  2304 | D        | Killed a kraken
  2339 | D        | Noticed a deep troll
  2339 | D        | Noticed a deep troll
  2344 | D        | Killed a deep troll
  2350 | D        | Killed a deep troll
  2475 | D        | Bought a scorched ring mail for 171 gold pieces
  2475 | D        | Identified the +0 ring mail of the Ten Howling Beasts {rC+}
                  | (You bought it in a shop in the Dungeon)
  2501 | D        | Noticed Kirke
  2501 | D        | Noticed a yaktaur captain
  2519 | D        | Killed a yaktaur captain
  2520 | D        | Reached skill level 15 in Armour
  2530 | D        | Killed Kirke
  2538 | D        | Noticed an elephant
  2544 | D        | Killed an elephant
  2545 | D        | Reached skill level 1 in Unarmed Combat
  2545 | D        | Reached XP level 11. HP: 87/118 MP: 10/10
  2550 | D        | Noticed a centaur warrior
  2555 | D        | Identified the +4 hand axe of the Rattlesnake {vorpal, rC+
                  | Dex+4} (Trog gifted it to you in the Dungeon)
  2555 | D        | Received a gift from Trog
  2556 | D        | Killed a centaur warrior
  2578 | D        | Noticed a skeletal warrior
  2588 | D        | Killed a skeletal warrior
  2588 | D        | Reached ****** piety under Trog
  2656 | D        | Noticed a storm dragon
  2670 | D        | Killed a storm dragon
  3042 | D        | Noticed a bone dragon
  3042 | D        | Noticed a cacodemon
  3060 | D        | Gained mutation: You occasionally shout uncontrollably at
                  | your foes. [a cacodemon]
  3064 | D        | Gained mutation: Your spells are easier to cast, but less
                  | powerful. [a cacodemon]
  3065 | D        | Killed a cacodemon
  3065 | D        | Received a gift from Trog
  3334 | D        | Killed a bone dragon
  3450 | D        | Noticed a deep elf high priest
  3450 | D        | Noticed a golden dragon
  3470 | D        | Killed a golden dragon
  3475 | D        | Killed a deep elf high priest
  3476 | D        | Reached XP level 12. HP: 104/132 MP: 11/11
  3477 | D        | Noticed a frost giant
  3610 | D        | Killed a frost giant
  4011 | D        | Found the +2 ratskin cloak {*Rats rPois rN+ Str-1 Int-1
                  | Dex+1}
  4020 | D        | Received a gift from Trog
  4224 | D        | Received a gift from Trog
  4249 | D        | Noticed a hell hog
  4249 | D        | Noticed a great orb of eyes
  4249 | D        | Noticed a hell hog
  4253 | D        | Killed a hell hog
  4253 | D        | Killed a hell hog
  4254 | D        | Reached skill level 10 in Dodging
  4256 | D        | Received a gift from Trog
  4263 | D        | Killed a great orb of eyes
  4283 | D        | Found Zizidoer's Antique Armour Emporium.
  4283 | D        | Found Sofir's Book Shop.
  4283 | D        | Found Astel's Distillery.
  4283 | D        | Found Nula's Assorted Antiques.
  4283 | D        | Found Taoxtumm's Antique Armour Boutique.
  4284 | D        | Found Pimul's Distillery.
  4284 | D        | Found Okoije's Antique Armour Boutique.
  4284 | D        | Found Saorphism's Antique Armour Emporium.
  4284 | D        | Found Xobb's Antique Weapon Shop.
  4284 | D        | Found Zoamem's Distillery.
  4284 | D        | Found Sotak's Antique Weapon Shop.
  4284 | D        | Found Quich's Assorted Antiques.
  4289 | D        | Bought a shimmering chain mail for 237 gold pieces
  4289 | D        | Identified the +3 chain mail "Intiupia" {Contam Str+4} (You
                  | bought it in a shop in the Dungeon)
  4292 | D        | Bought a pair of embroidered gloves for 165 gold pieces
  4399 | D        | Noticed a storm dragon
  4407 | D        | Killed a storm dragon
  4456 | D        | Found Unac Wuo's Book Boutique.
  4456 | D        | Found Xenig's Magic Scroll Shoppe.
  4456 | D        | Found Ergheunokk's Antique Armour Shop.
  4456 | D        | Found Aton's Jewellery Emporium.
  4456 | D        | Noticed a golden dragon
  4472 | D        | Killed a golden dragon
  4477 | D        | Bought a pair of faintly glowing gloves for 275 gold pieces
  4477 | D        | Identified the +0 pair of gloves of Geiqomaf {Rampage rN+}
                  | (You bought it in a shop in the Dungeon)
  4556 | D        | Killed Roxanne
  4571 | D        | Received a gift from Trog
  4592 | D        | Received a gift from Trog
  4642 | D        | Noticed an orc warlord
  4645 | D        | Noticed the 27-headed Lernaean hydra
  4878 | D        | Received a gift from Trog
  4935 | D        | Received a gift from Trog
  4936 | D        | Reached XP level 13. HP: 101/146 MP: 12/12
  5080 | D        | Killed an orc warlord
  5325 | D        | Killed the 22-headed Lernaean hydra
  5330 | D        | Found Efokk's Magic Scroll Shoppe.
  5355 | D        | Received a gift from Trog
  5357 | D        | Found Seicofeh's Distillery.
  5357 | D        | Found Nuehuk's Book Shoppe.
  5448 | D        | Noticed a sphinx
  5448 | D        | Noticed a sphinx
  5451 | D        | Killed a sphinx
  5454 | D        | Killed a sphinx
  5608 | D        | Gained mutation: You often lose your temper in combat.
                  | [mutagenic glow]
  5622 | D        | Gained mutation: You are dopey. (Int -2) [mutagenic glow]
  5646 | D        | Gained mutation: You are clumsy. (Dex -2) [mutagenic glow]
  5653 | D        | Gained mutation: You have an uncontrollable temper.
                  | [mutagenic glow]
  5688 | D        | Gained mutation: Armour fits poorly on your strangely
                  | shaped body. [mutagenic glow]
  5970 | D        | Identified the +9 battleaxe "Taacluqu" {vorpal, rPois rN+
                  | Dex+3} (Trog gifted it to you in the Dungeon)
  5970 | D        | Received a gift from Trog
  5987 | D        | Noticed Gastronok
  5990 | D        | Killed Gastronok
  6021 | D        | Noticed a dire elephant
  6026 | D        | Killed a dire elephant
  6026 | D        | Received a gift from Trog
  6044 | D        | Identified the +7 hand axe "Doof" {holy, rElec}
  6046 | D        | Identified the +8 broad axe "Cikhli Jidu" {vorpal, Dex+4}
  6056 | D        | Identified the +0 arbalest "Mickegg" {venom, Fragile rN+
                  | Will+ Dex+3}
  6063 | D        | Identified the ring "Tuttuz" {Fly MP+9 Dex+3}
  6069 | D        | Identified the ring "Gam Luam" {Ice Str+4 Int+5}
  6105 | D        | Identified the +9 battleaxe of the Desolation of Salt
                  | {speed, Str+4}
  6139 | D        | Received a gift from Trog
  6174 | D        | Noticed a deep elf blademaster
  6182 | D        | Killed a deep elf blademaster
  6201 | D        | Received a gift from Trog
  6241 | D        | Identified 2 scrolls of acquirement
  6241 | D        | Acquired an amulet of reflection
  6322 | D        | Found the +8 mithril axe "Arga" {speed, Will+}
  6323 | D        | Paralysed by a floating eye for 4 turns
  6324 | D        | Gained mutation: Your body sometimes deteriorates upon
                  | taking damage. [a shining eye]
  6324 | D        | Gained mutation: You are somewhat resistant to further
                  | mutation. [a shining eye]
  6325 | D        | Gained mutation: Your spells are much easier to cast, but
                  | much less powerful. [a shining eye]
  6326 | D        | Lost mutation: You are clumsy. (Dex -2) [a shining eye]
  6332 | D        | Gained mutation: You sometimes lose the ability to read
                  | scrolls when taking damage. [a shining eye]
  6335 | D        | Received a gift from Trog
  6336 | D        | Lost mutation: You are dopey. (Int -2) [a shining eye]
  6338 | D        | Reached XP level 14. HP: 165/165 MP: 13/13
  6394 | D        | Acquired the +10 hand axe "Vumuh" {elec, Int+4 Stlth+}
  6410 | D        | Noticed a purple draconian shifter
  6410 | D        | Noticed a hellephant
  6418 | D        | Noticed Sonja
  6425 | D        | Killed a purple draconian shifter
  6425 | D        | Received a gift from Trog
  6428 | D        | Killed a hellephant
  6430 | D        | Killed Sonja
  6500 | D        | Bought the +2 shield of Resistance {rF++ rC++ Will++} for
                  | 1622 gold pieces
  6500 | D        | Found the +2 shield of Resistance {rF++ rC++ Will++}
  6993 | D        | Noticed an electric golem
  6998 | D        | Received a gift from Trog
  7025 | D        | Killed an electric golem
  7026 | D        | Reached skill level 27 in Fighting
  7026 | D        | Reached skill level 1 in Shields
  7029 | D        | Received a gift from Trog
  7030 | D        | Reached skill level 27 in Axes
  7365 | D        | Noticed a deep elf master archer
  7383 | D        | Killed a deep elf master archer
  7384 | D        | Reached skill level 5 in Stealth
  7384 | D        | Reached skill level 5 in Shields
  7394 | D        | Received a gift from Trog
  7407 | D        | Received a gift from Trog
  7572 | D        | Received a gift from Trog
  7573 | D        | Reached skill level 10 in Shields
  7822 | D        | Noticed a quicksilver dragon
  7824 | D        | Noticed a quicksilver dragon
  7827 | D        | Killed a quicksilver dragon
  7832 | D        | Killed a quicksilver dragon
  7854 | D        | Noticed a quicksilver dragon
  7867 | D        | HP: 2/168 [something (13)]
  7871 | D        | Killed a quicksilver dragon
  8341 | D        | Noticed Murray
  8344 | D        | Got the Orb of Zot
  8363 | D        | Killed Murray
  8414 | D        | Noticed a Hell Sentinel
  8424 | D        | Noticed a hellephant
  8432 | D        | Killed a hellephant
  8432 | D        | Received a gift from Trog
  8441 | D        | Killed a Hell Sentinel
  8480 | D        | Noticed Nuinitod the pandemonium lord
  8487 | D        | Escaped with the Orb!

Illustrated notes

Levels and vault maps discovered:
D:        the_violet_keep_of_menkaure [sprint2_stairs_cluster_1,
          sprint2_shoproom, sprint2_temple, sprint2_basic_supplies,
          sprint2_obstacle_6, sprint2_obstacle_4, sprint2_obstacle_7,
          sprint2_obstacle_1, sprint2_obstacle_3, sprint2_timed_cluster_1,
          sprint2_smallroom_cluster_1, sprint2_smallroom_final_cluster_1,
          sprint2_transparent_cluster_1, sprint2_second_timed_cluster_1,
          sprint2_sniper_area_1, sprint2_heavy_combat_area_1,
          sprint2_mutation_trap_area_1, sprint2_forest_area_1,
          sprint2_light_combat_area_1, sprint2_behind_water_1,
          sprint2_near_end_vault_1]

Skill      XL: |  1  2  3  4  5  6  7  8  9 10 11 12 13 14 |
---------------+-------------------------------------------+-----
Fighting       | 8 10 11 13 15 16 17 19 22 26 27 | 27.0
Axes           | 8 10 12 13 16 17 19 20 22 25 27 | 27.0
Armour         | 4 5 6 7 8 11 16 19 21 23 25 | 25.4
Dodging        | 4 5 6 7 8 9 11 12 13 | 13.4
Stealth        | 1 2 3 4 6 |  6.3
Unarmed Combat | 1 3 |  3.3
Shields        | 14 | 14.7

Action                   |  1- 3 |  4- 6 |  7- 9 | 10-12 | 13-15 || total
-------------------------+-------+-------+-------+-------+-------++-------
Melee: Hand axe          |     6 |    24 |    89 |       |       ||   119
       Headbutt          |     1 |     3 |    21 |    69 |    75 ||   169
       Broad axe         |       |       |    13 |   252 |   150 ||   415
       Unarmed           |       |       |       |     4 |       ||     4
       Punch             |       |       |       |    10 |       ||    10
       Battleaxe         |       |       |       |    21 |   124 ||   145
Invok: Berserk           |     1 |       |     3 |    10 |     8 ||    22
  Use: Scroll            |       |       |    12 |     2 |     4 ||    18
       Potion            |       |       |     4 |     5 |     5 ||    14
 Stab: Distracted        |       |       |       |       |     1 ||     1
Armor: Plate armour      |       |       |    41 |    33 |       ||    74
       Ring mail         |       |       |       |     9 |       ||     9
       Storm dragon scal |       |       |       |    66 |    86 ||   152
Dodge: Dodged            |     4 |     8 |    46 |   146 |   106 ||   310
Block: Kite shield       |       |       |       |       |    82 ||    82
       Reflection        |       |       |       |       |     4 ||     4
       Other             |       |       |       |       |     2 ||     2
